[Event "Titled Tuesday Blitz November 07 Early 2023"]
[White "Ziatdinov, Raset"]
[Black "CrazyAdvenTures"]
[WhiteFideId "2015323"]
[WhiteElo "2507"]
[BlackElo "2806"]
[Result "0-1"]
[Round "3"]
[TimeControl "180+1"]
[Date "2023.11.07"]
[WhiteClock "0:00:00"]
[BlackClock "0:00:07"]
[Board "49"]

1. e4 c5 2. Nf3 Nc6 3. d4 cxd4 4. Nxd4 e5 5. Nxc6 bxc6 6. Bc4 Nf6 7. Nc3 Bb4 8. O-O O-O 9. Bg5 h6 10. Bh4 d6 11. Qd3 g5 12. Bg3 Qe7 13. Rad1 Bxc3 14. bxc3 Rd8 15. Rfe1 Be6 16. Bb3 a5 17. a4 Rab8 18. Qa6 Bxb3 19. cxb3 Rxb3 20. Qxa5 Rdb8 21. h4 Nh5 22. Rd3 gxh4 23. Bh2 Rb1 24. c4 R8b4 25. Rdd1 Rxd1 26. Qxb4 Rxe1+ 27. Qxe1 Qa7 28. a5 Nf6 29. Kh1 Qc5 30. a6 Qa7 31. Qa5 Nxe4 32. Qd8+ Kg7 33. Bg1 Qxa6 34. Qxh4 Qxc4 35. Qg4+ Kh7 36. Qf5+ Kg7 37. Qg4+ Kf6 38. Qh4+ Ke6 39. Qg4+ Kd5 40. Qd1+ Qd4 41. Qb3+ Qc4 42. Qd1+ Ke6 43. Qg4+ Ke7 44. Qh4+ f6 45. Qxh6 Qf7 46. f3 Ng5 47. Bh2 Qh7 48. Qxh7+ Nxh7 49. f4 Ke6 0-1


[Site "https://www.chess.com"]

[Event "Titled Tuesday Blitz November 07 Early 2023"]
[White "Kozak, Antoni"]
[Black "krucki03"]
[WhiteFideId "21832030"]
[WhiteElo "2805"]
[BlackElo "2449"]
[Result "1/2-1/2"]
[Round "3"]
[TimeControl "180+1"]
[Date "2023.11.07"]
[WhiteClock "0:00:14"]
[BlackClock "0:00:12"]
[Board "50"]

1. e4 c5 2. Nf3 d6 3. Nc3 Nf6 4. Bc4 g6 5. O-O Bg7 6. d3 O-O 7. h3 Nc6 8. a3 a6 9. Ba2 b5 10. Bf4 b4 11. Nd5 Nxd5 12. Bxd5 Bb7 13. Rb1 a5 14. Re1 Qb6 15. Qd2 Nd4 16. Nxd4 cxd4 17. Bb3 Rac8 18. axb4 axb4 19. Ra1 Ra8 20. Bg5 e6 21. Qf4 Rxa1 22. Rxa1 Ra8 23. Rxa8+ Bxa8 24. Be7 Be5 25. Qg5 Qa7 26. f4 Bxf4 27. Qxf4 Qxe7 28. Qd2 d5 29. e5 Bc6 30. Qf4 Qc5 31. g4 Qa5 32. Qxd4 Ba4 33. Bxa4 Qxa4 34. b3 Qa3 35. Kg2 Qc1 36. Qf2 Qb2 37. Qe2 Qd4 38. Kf3 Kg7 39. Kg3 Qa1 40. Qe3 Qc3 41. Qe2 Qa1 42. Kg2 Qd4 43. h4 h6 44. Kh3 g5 45. h5 Qf4 46. Kg2 f6 47. exf6+ Kxf6 48. Qd1 Ke5 49. Qa1+ Qd4 50. Qe1+ Kd6 51. Qg3+ e5 52. Qf3 Qf4 53. Qd1 e4 54. dxe4 Qxe4+ 55. Kh3 Qe3+ 56. Kh2 Qf4+ 57. Kg2 Qe4+ 58. Kf2 Qf4+ 59. Kg2 Qe4+ 1/2-1/2


[Site "https://www.chess.com"]

[Event "Titled Tuesday Blitz November 07 Early 2023"]
[White "Sokolovsky, Yahli"]
[Black "Su, Dion"]
[WhiteFideId "2820242"]
[BlackFideId "2029731"]
[WhiteElo "2802"]
[BlackElo "2427"]
[Result "1-0"]
[Round "3"]
[TimeControl "180+1"]
[Date "2023.11.07"]
[WhiteClock "0:00:03"]
[BlackClock "0:00:05"]
[Board "51"]

1. b3 a5 2. Bb2 a4 3. b4 e6 4. a3 Nf6 5. c4 c5 6. bxc5 Bxc5 7. d4 Qb6 8. Bc3 Be7 9. Nd2 d5 10. Ngf3 O-O 11. e3 Qc7 12. Qc2 Nc6 13. Bd3 dxc4 14. Nxc4 b5 15. Nce5 Na5 16. Bxb5 Nb3 17. Ra2 Nd5 18. Bd2 Nxd2 19. Nxd2 Qb6 20. Bd3 Ba6 21. Nd7 Qb7 22. Nxf8 Kxf8 23. Nf1 Rc8 24. Qd2 Nc3 25. Rb2 Qxg2 26. Bxa6 Ne4 27. Qd1 Nc3 28. Qd3 Rd8 29. Qxc3 Qxh1 30. Bb7 Qg1 31. Be4 f5 32. Bf3 Bh4 33. Qd2 Rc8 34. Rc2 Rb8 35. Rc1 Rb3 36. Qc2 Rxe3+ 37. Be2 Qxf2+ 38. Kd1 Re4 39. Qc8+ Kf7 40. Rc7+ Kg6 41. Qe8+ Kh6 42. Qh5# 1-0


[Site "https://www.chess.com"]

[Event "Titled Tuesday Blitz November 07 Early 2023"]
[White "Klimkowski, Jan"]
[Black "Osinovsky, Stepan"]
[WhiteFideId "21856222"]
[BlackFideId "4157354"]
[WhiteElo "2797"]
[BlackElo "2417"]
[Result "1-0"]
[Round "3"]
[TimeControl "180+1"]
[Date "2023.11.07"]
[WhiteClock "0:00:40"]
[BlackClock "0:00:00"]
[Board "52"]

1. Nf3 Nf6 2. c4 g6 3. Nc3 Bg7 4. e4 O-O 5. Be2 d6 6. O-O e5 7. d3 Nc6 8. h3 Nh5 9. Nd5 Ne7 10. d4 c6 11. Nc3 Nf4 12. Bxf4 exf4 13. Qd2 g5 14. Nxg5 Ng6 15. Nf3 Qf6 16. Rfe1 Kh8 17. Rad1 Rg8 18. Kh2 Bh6 19. e5 dxe5 20. Ne4 Qg7 21. dxe5 Nxe5 22. Rg1 Bf5 23. Nd6 Rad8 24. Nxe5 Rxd6 25. Qxd6 f3 26. Nxf3 Re8 27. Bd3 Be6 28. Rge1 Kg8 29. Qg3 a5 30. Qxg7+ Bxg7 31. b3 Bc3 32. Re3 Rd8 33. Be2 1-0


[Site "https://www.chess.com"]

[Event "Titled Tuesday Blitz November 07 Early 2023"]
[White "Tsotsonava, Elene"]
[Black "Yeremyan_ChessMate"]
[WhiteFideId "13615939"]
[WhiteElo "2389"]
[BlackElo "2790"]
[Result "1/2-1/2"]
[Round "3"]
[TimeControl "180+1"]
[Date "2023.11.07"]
[WhiteClock "0:00:06"]
[BlackClock "0:00:10"]
[Board "53"]

1. Nf3 Nf6 2. c4 g6 3. Nc3 d5 4. cxd5 Nxd5 5. g3 Bg7 6. Bg2 O-O 7. O-O c5 8. Nxd5 Qxd5 9. d3 Nc6 10. a3 Qh5 11. Rb1 Bf5 12. Be3 c4 13. dxc4 Bxb1 14. Qxb1 Rfd8 15. b4 Rac8 16. c5 Rd7 17. b5 Nd4 18. Bxd4 Bxd4 19. c6 bxc6 20. bxc6 Rdd8 21. Nxd4 Rxd4 22. Qb7 Rdd8 23. Qxa7 Qxe2 24. h4 Rd1 25. Rxd1 Qxd1+ 26. Kh2 Qd6 27. Qb7 Rc7 28. Qb6 Rc8 29. a4 h5 30. a5 g5 31. hxg5 h4 32. a6 hxg3+ 33. fxg3 Kg7 34. Qb2+ e5 35. a7 Rh8+ 36. Kg1 Ra8 37. c7 Qxc7 38. Bxa8 Qxa7+ 39. Kh2 Qxa8 40. Qxe5+ Kg8 41. Qf6 Qa2+ 42. Kh3 Qc2 43. Kg4 Qe4+ 44. Kh5 Qe2+ 45. Kh4 Qh2+ 46. Kg4 Qe2+ 47. Qf3 Qe6+ 48. Qf5 Qc4+ 49. Kf3 Qc3+ 50. Kf4 Qd4+ 51. Qe4 Qd2+ 52. Kg4 Qd1+ 53. Kf5 Qd7+ 54. Kf6 Qd6+ 55. Kf5 Qg6+ 56. Kf4 Qd6+ 57. Qe5 Qd2+ 58. Kf3 Qd3+ 59. Kg2 Qc2+ 60. Kh3 Qc8+ 61. g4 Qd7 62. Qf5 Qd6 63. Kg2 Qd2+ 64. Kg3 Qe3+ 65. Kg2 Qe2+ 66. Kg3 Qe7 67. Kf3 Qa3+ 68. Kf4 Qd6+ 69. Qe5 Qd2+ 70. Kf5 Qd7+ 71. Kf4 Qd2+ 72. Kf3 Qd3+ 73. Qe3 Qd5+ 74. Kg3 Qd6+ 75. Kh3 Qc6 76. Kg3 Qd6+ 77. Qf4 Qd3+ 78. Kg2 Qg6 79. Qf5 Qc6+ 80. Kg3 Qd6+ 81. Kh3 Qc6 82. Qf6 Qh1+ 83. Kg3 Qg1+ 84. Kf3 Qf1+ 85. Ke4 Qe2+ 86. Kf4 Qf2+ 87. Ke4 Qe2+ 88. Kf4 Qf2+ 89. Ke4 Qc2+ 90. Kf3 Qd3+ 91. Kf4 Qd2+ 92. Ke4 Qe2+ 1/2-1/2


[Site "https://www.chess.com"]

[Event "Titled Tuesday Blitz November 07 Early 2023"]
[White "Javakhadze, Zurab"]
[Black "missponyo10"]
[WhiteFideId "13603647"]
[WhiteElo "2789"]
[BlackElo "2022"]
[Result "1-0"]
[Round "3"]
[TimeControl "180+1"]
[Date "2023.11.07"]
[WhiteClock "0:00:07"]
[BlackClock "0:00:11"]
[Board "54"]

1. Nf3 d5 2. g3 e6 3. Bg2 Nf6 4. O-O c6 5. c4 Nbd7 6. b3 Bd6 7. Bb2 O-O 8. d3 e5 9. cxd5 cxd5 10. Nc3 Re8 11. Rc1 a6 12. Nd2 Nb6 13. a4 a5 14. Nb5 Bb8 15. Qc2 Re6 16. Qb1 Re8 17. Nf3 Bd7 18. Qa1 Bxb5 19. axb5 Nbd7 20. d4 e4 21. Ne5 Nxe5 22. dxe5 Nd7 23. Rfd1 Nxe5 24. Bxe4 Qb6 25. Bg2 Ng4 26. Rd4 h5 27. e3 Be5 28. Rxd5 Bxb2 29. Qxb2 Nf6 30. Rg5 Rad8 31. h4 Rd6 32. Bf3 Red8 33. Qe5 Re6 34. Qc5 Qxc5 35. Rcxc5 g6 36. Bxb7 Rb6 37. Bf3 Rdb8 38. Rc6 Rxc6 39. bxc6 Rxb3 40. Rc5 Ne8 41. c7 Nxc7 42. Rxc7 a4 43. Bd5 Rb1+ 44. Kg2 a3 45. Bxf7+ Kf8 46. Be6 Ra1 47. Ra7 Ke8 48. e4 Kf8 49. e5 Ke8 50. Bd5 Kd8 51. e6 Ke8 52. Bc6+ Kd8 53. e7+ Kc8 54. e8=Q# 1-0


[Site "https://www.chess.com"]

[Event "Titled Tuesday Blitz November 07 Early 2023"]
[White "Skuhala, Barbara"]
[Black "Andreikin, Dmitry"]
[WhiteFideId "14605465"]
[BlackFideId "4158814"]
[WhiteElo "2238"]
[BlackElo "3110"]
[Result "0-1"]
[Round "3"]
[TimeControl "180+1"]
[Date "2023.11.07"]
[WhiteClock "0:01:02"]
[BlackClock "0:01:56"]
[Board "55"]

1. e4 c5 2. Nf3 g6 3. d4 cxd4 4. Nxd4 Nf6 5. Nc3 d6 6. Be3 Nc6 7. Bc4 Ng4 8. Nxc6 bxc6 9. Qd2 Nxe3 10. Qxe3 Bg7 11. Bb3 O-O 12. h4 Qb6 13. Qd2 h5 14. O-O Bg4 15. Rfe1 a5 16. a4 Be6 17. Bxe6 fxe6 18. Rab1 Rxf2 0-1


[Site "https://www.chess.com"]

[Event "Titled Tuesday Blitz November 07 Early 2023"]
[White "Krallis, Christos"]
[Black "Elsa167"]
[WhiteFideId "4298896"]
[WhiteElo "2694"]
[BlackElo "2995"]
[Result "1-0"]
[Round "3"]
[TimeControl "180+1"]
[Date "2023.11.07"]
[WhiteClock "0:00:06"]
[BlackClock "0:00:00"]
[Board "56"]

1. Nf3 Nf6 2. d4 g6 3. Nbd2 Bg7 4. e4 d6 5. Bb5+ c6 6. Bd3 O-O 7. O-O Qc7 8. a4 a5 9. c3 Na6 10. b3 e5 11. dxe5 dxe5 12. Ba3 Rd8 13. Qc2 Bf8 14. Bxf8 Kxf8 15. Bxa6 Rxa6 16. Nc4 Re8 17. Rad1 Bg4 18. Qd3 Raa8 19. h3 Rad8 20. Qe3 Bxf3 21. Qxf3 Kg7 22. g3 b5 23. Ne3 Qe7 24. axb5 cxb5 25. c4 Qb4 26. Nd5 Nxd5 27. cxd5 Rc8 28. Rc1 Qa3 29. Rcd1 Qd6 30. Qd3 Rc5 31. f4 Rec8 32. Qf3 Rc3 33. fxe5 Qxe5 34. Qxf7+ Kh8 35. Qf6+ Qxf6 36. Rxf6 Rxg3+ 37. Kf2 Rxb3 38. d6 Kg7 39. d7 Rd8 40. Rc6 Kf7 41. Rc8 Ke7 42. Rxd8 Kxd8 43. e5 Rb4 44. Kf3 g5 45. Ke3 Rf4 46. e6 Rf6 47. e7+ Kxe7 48. d8=Q+ 1-0


[Site "https://www.chess.com"]

[Event "Titled Tuesday Blitz November 07 Early 2023"]
[White "Shimanov, Aleksandr"]
[Black "Yen, William"]
[WhiteFideId "4198603"]
[BlackFideId "30932025"]
[WhiteElo "2969"]
[BlackElo "2673"]
[Result "1/2-1/2"]
[Round "3"]
[TimeControl "180+1"]
[Date "2023.11.07"]
[WhiteClock "0:00:05"]
[BlackClock "0:00:09"]
[Board "57"]

1. e4 e6 2. d4 d5 3. e5 c5 4. c3 Nc6 5. Nf3 Bd7 6. Bd3 cxd4 7. cxd4 Qb6 8. Bc2 Nb4 9. Nc3 Nxc2+ 10. Qxc2 Rc8 11. O-O Ne7 12. Be3 Nf5 13. a3 Be7 14. Qd2 O-O 15. Rfd1 Rc4 16. Rab1 Rfc8 17. g4 Nxe3 18. fxe3 Qa5 19. g5 Bxa3 20. Ra1 Rxc3 21. bxc3 Qxc3 22. Kf2 b5 23. Ne1 b4 24. Nd3 Ba4 25. Qxc3 Rxc3 26. Rd2 Bc2 27. Nc5 a5 28. h4 g6 29. Ra2 Bf5 30. Ra1 Kg7 31. Ke2 h6 32. Na4 Rc2 33. Nc5 hxg5 34. hxg5 Bg4+ 35. Kd3 Bf5+ 36. Ke2 Bg4+ 37. Ke1 Rc3 38. Kf2 Bf5 39. Kf3 Bc2 40. Rh2 Be4+ 41. Nxe4 dxe4+ 42. Kxe4 b3 43. Rxa3 b2 44. Rxc3 b1=Q+ 45. Rd3 a4 46. d5 exd5+ 47. Kd4 a3 48. Rxa3 Qb6+ 49. Kc3 Qxe3+ 50. Kb4 Qxe5 51. Rha2 Qxg5 52. Kc5 Qe5 53. Rd3 f5 54. Rad2 Qe4 55. Rd4 Kf6 56. Rxe4 dxe4 57. Kd4 g5 58. Re2 g4 59. Rh2 Kg5 60. Ke3 g3 61. Rh8 Kg4 62. Rg8+ Kh3 63. Rg5 g2 64. Kf2 f4 65. Rh5+ Kg4 66. Rh8 f3 67. Rg8+ Kf4 68. Rf8+ Ke5 69. Re8+ Kd4 70. Rd8+ Ke5 71. Rg8 Kf4 72. Rf8+ Ke5 73. Rg8 Kf4 1/2-1/2


[Site "https://www.chess.com"]

[Event "Titled Tuesday Blitz November 07 Early 2023"]
[White "Harsh Suresh"]
[Black "Shuvalova, Polina"]
[WhiteFideId "45018464"]
[BlackFideId "24171760"]
[WhiteElo "2942"]
[BlackElo "2668"]
[Result "1-0"]
[Round "3"]
[TimeControl "180+1"]
[Date "2023.11.07"]
[WhiteClock "0:00:08"]
[BlackClock "0:00:00"]
[Board "58"]

1. e4 c6 2. d4 d5 3. exd5 cxd5 4. Bd3 Nc6 5. c3 Nf6 6. Bf4 Bg4 7. Qb3 Qd7 8. Nd2 e6 9. Ngf3 Bd6 10. Bxd6 Qxd6 11. O-O O-O 12. Rfe1 Qc7 13. Ne5 Bf5 14. Bxf5 exf5 15. Re2 g6 16. Rae1 Rfe8 17. Ndf3 Kg7 18. Qa3 Ne4 19. Nxc6 bxc6 20. Ne5 Re6 21. Nd3 Rae8 22. f3 Ng5 23. Rxe6 Rxe6 24. Rxe6 Nxe6 25. Qa6 f6 26. g3 g5 27. Nb4 Nd8 28. Qe2 Qd7 29. Kf2 h5 30. Ke1 Ne6 31. Nd3 Qd6 32. Qe3 Kf7 33. Kf2 h4 34. f4 hxg3+ 35. hxg3 g4 36. Ke2 Qb8 37. Kd2 Qh8 38. Qf2 Qh1 39. Ne1 Qe4 40. Nc2 Qh1 41. Qe1 Qg2+ 42. Kc1 Qf3 43. Ne3 Kg6 44. Kd2 Ng7 45. Nf1 Nh5 46. Qe8+ Kh6 47. Qe2 Qh1 48. Qf2 Qe4 49. Qe1 Qg2+ 50. Qe2 Qh1 51. a4 Qe4 52. Qxe4 fxe4 53. b3 Ng7 54. Ne3 Kh5 55. c4 dxc4 56. bxc4 1-0


[Site "https://www.chess.com"]

[Event "Titled Tuesday Blitz November 07 Early 2023"]
[White "Boros, Denes"]
[Black "Ismagilov, Damir"]
[WhiteFideId "722340"]
[BlackFideId "34199982"]
[WhiteElo "2941"]
[BlackElo "2640"]
[Result "1-0"]
[Round "3"]
[TimeControl "180+1"]
[Date "2023.11.07"]
[WhiteClock "0:00:15"]
[BlackClock "0:00:08"]
[Board "59"]

1. d4 g6 2. Nc3 Bg7 3. g3 d5 4. Bg2 c6 5. Bf4 Nf6 6. Qd2 h5 7. Nf3 Bf5 8. Ng5 Nbd7 9. f3 Nb6 10. e4 dxe4 11. fxe4 Nc4 12. Qe2 Nxb2 13. exf5 Qxd4 14. Be5 Qb4 15. fxg6 fxg6 16. Ne6 Na4 17. a3 Qa5 18. Nxg7+ Kf7 19. O-O Nxc3 20. Bxc3 Qxc3 21. Qe6+ Kxg7 22. Qxe7+ Kh6 23. Qxf6 Qc5+ 24. Qf2 Qg5 25. Rab1 Rhf8 26. Qd4 Rad8 27. Qc3 b6 28. Qxc6 Rc8 29. Qe4 Rfe8 30. Qd3 Red8 31. Qb3 Rd2 32. Rf2 Qc5 33. Qf7 Rxf2 34. Qxf2 Qxf2+ 35. Kxf2 Rxc2+ 36. Kf1 Ra2 37. Rb3 Kg5 38. Re3 h4 39. Kg1 Ra1+ 40. Kf2 Ra2+ 41. Kf3 hxg3 42. hxg3 Kf6 43. Bh3 a5 44. Bd7 Kg5 45. Bc6 Rb2 46. Bd7 Kh6 47. Kg4 Rd2 48. Bb5 Rd4+ 49. Kf3 Rd5 50. Rb3 Kg5 51. Ke4 Rd6 52. Rf3 Re6+ 53. Kd5 Re1 54. Bd7 Rb1 55. a4 Rb4 56. Kd6 Kh5 57. Kc7 Rd4 58. Bb5 Kg4 59. Rc3 g5 60. Kxb6 Kh3 61. Kxa5 g4 62. Kb6 Rd6+ 63. Bc6 Rd1 64. a5 Rb1+ 65. Bb5 Ra1 66. a6 Rc1 67. Rxc1 Kg2 68. Rc3 Kh2 69. a7 Kg1 70. Bc6 Kh2 71. a8=Q Kh3 72. Qh8# 1-0


[Site "https://www.chess.com"]

[Event "Titled Tuesday Blitz November 07 Early 2023"]
[White "Makhnev, Denis"]
[Black "FoxOnTheRun97"]
[WhiteFideId "13707647"]
[WhiteElo "2923"]
[BlackElo "2630"]
[Result "1-0"]
[Round "3"]
[TimeControl "180+1"]
[Date "2023.11.07"]
[WhiteClock "0:00:38"]
[BlackClock "0:00:06"]
[Board "60"]

1. Nf3 Nf6 2. c4 e6 3. Nc3 d5 4. d4 Be7 5. Bf4 O-O 6. e3 b6 7. Rc1 Bb7 8. Bd3 dxc4 9. Bxc4 Nbd7 10. O-O Nh5 11. d5 Nxf4 12. exf4 exd5 13. Bxd5 Bxd5 14. Nxd5 Bd6 15. g3 Nf6 16. Ne3 Qd7 17. Nc4 Bc5 18. Qxd7 Nxd7 19. a3 Rfd8 20. b4 Bf8 21. Rfd1 c5 22. b5 Nf6 23. Nfe5 g6 24. Nc6 Re8 25. f3 h5 26. h4 Kg7 27. Re1 Nd5 28. Red1 Ne3 29. Rd7 Nxc4 30. Rxc4 Re3 31. Ne5 Rxa3 32. Rxf7+ Kg8 33. Rd7 Re8 34. Kg2 Ra1 35. Re4 Rb1 36. Nxg6 Rxe4 37. fxe4 Bg7 38. Ne7+ Kf8 39. e5 Rxb5 40. Nf5 Bh8 41. e6 Rb2+ 42. Kf3 Ke8 43. Rxa7 Bf6 44. Ra8+ Bd8 45. e7 Rd2 46. exd8=Q+ Rxd8 47. Ng7+ Ke7 48. Rxd8 Kxd8 49. Nxh5 b5 50. Ke4 1-0


[Site "https://www.chess.com"]

[Event "Titled Tuesday Blitz November 07 Early 2023"]
[White "Melkumyan, Hrant"]
[Black "Belov, Alexei"]
[WhiteFideId "13302485"]
[BlackFideId "4128206"]
[WhiteElo "2887"]
[BlackElo "2627"]
[Result "1-0"]
[Round "3"]
[TimeControl "180+1"]
[Date "2023.11.07"]
[WhiteClock "0:00:31"]
[BlackClock "0:00:00"]
[Board "61"]

1. d4 d5 2. c4 e6 3. Nc3 Be7 4. Bf4 Nf6 5. e3 O-O 6. Rc1 a6 7. cxd5 exd5 8. Bd3 c6 9. Nge2 Nbd7 10. Qc2 Re8 11. O-O Nf8 12. h3 Ng6 13. Bg3 Bd6 14. a3 a5 15. Rb1 Qe7 16. Rfc1 Bxg3 17. Nxg3 Nh4 18. b3 Qxa3 19. Na4 Qd6 20. Nb6 Rb8 21. Qc5 Qe6 22. Bf1 Ne4 23. Nxe4 Qxe4 24. Qd6 Bxh3 25. gxh3 Nf3+ 26. Kh1 Nh4+ 27. Kh2 Nf3+ 28. Kg3 Nd2 29. Qf4 Qg6+ 30. Qg4 Qd6+ 31. Kg2 Re6 32. Bd3 Nxb1 33. Rxb1 Qb4 34. Nd7 Rbe8 35. Nc5 Rf6 36. Nd7 Rfe6 37. Ne5 g6 38. Qf4 Qe7 39. Kh2 Rf6 40. Qg3 Kh8 41. Ng4 Re6 42. Ne5 Rf6 43. Ra1 Qb4 44. Qh4 Kg7 45. Ng4 Rfe6 46. Qh6+ Kg8 47. Qf4 Kg7 48. Bf1 Qd2 49. Bg2 h5 50. Qh6+ Kg8 51. Ne5 Qxf2 52. Rf1 1-0


[Site "https://www.chess.com"]

[Event "Titled Tuesday Blitz November 07 Early 2023"]
[White "Ambartsumova, Karina"]
[Black "Alexandre, Anne Shopie Elizabeth"]
[WhiteFideId "4166299"]
[BlackFideId "11902418"]
[WhiteElo "2612"]
[BlackElo "2864"]
[Result "0-1"]
[Round "3"]
[TimeControl "180+1"]
[Date "2023.11.07"]
[WhiteClock "0:00:04"]
[BlackClock "0:00:07"]
[Board "62"]

1. d4 Nf6 2. c4 g6 3. g3 Bg7 4. Bg2 O-O 5. Nc3 c5 6. Nf3 Qa5 7. O-O cxd4 8. Nxd4 Nc6 9. Nf3 d6 10. Nd5 Nxd5 11. cxd5 Nb4 12. e4 Bd7 13. Bd2 Qb6 14. a3 Nd3 15. b4 Nb2 16. Qb3 Ba4 17. Qe3 Bb5 18. Rfb1 Qxe3 19. Bxe3 Bd3 20. Re1 Bxe4 21. Bd4 Bxf3 22. Bxg7 Kxg7 23. Bxf3 Kf6 24. Re3 Rac8 25. Rae1 Rc7 26. Be2 Na4 27. Bf1 Nb6 28. Bg2 h5 29. h4 Re8 30. Bf3 Nc4 31. Rc3 Rec8 32. Rec1 b5 33. Be2 Ke5 34. Bf3 a6 35. Kg2 Kf5 36. Re1 Kf6 37. Bd1 Ne5 38. Rce3 Rc3 39. f4 Rxe3 40. Rxe3 Nc4 41. Rc3 Nb6 42. Rc6 Rxc6 43. dxc6 d5 44. g4 hxg4 45. Bxg4 e6 46. h5 gxh5 47. Bxh5 Ke7 48. Kf2 f6 49. c7 Kd7 50. Bf7 e5 51. fxe5 fxe5 52. Ke3 Kxc7 53. Kd3 Kd6 54. Bg6 Nc4 55. Bf5 e4+ 56. Kd4 Ne5 57. Bc8 Nc6+ 58. Ke3 Nb8 59. Bb7 Ke5 60. a4 d4+ 61. Ke2 bxa4 0-1


[Site "https://www.chess.com"]

[Event "Titled Tuesday Blitz November 07 Early 2023"]
[White "Timofeev, Artyom"]
[Black "Tasev, Dejan"]
[WhiteFideId "4140419"]
[BlackFideId "936618"]
[WhiteElo "2850"]
[BlackElo "2605"]
[Result "1-0"]
[Round "3"]
[TimeControl "180+1"]
[Date "2023.11.07"]
[WhiteClock "0:00:32"]
[BlackClock "0:00:10"]
[Board "63"]

1. c4 Nf6 2. Nc3 g6 3. h4 h5 4. d4 Bg7 5. Nf3 d6 6. e4 O-O 7. Bg5 Nbd7 8. Be2 c5 9. O-O cxd4 10. Nxd4 a6 11. Re1 Ne5 12. Bf1 Bd7 13. Rc1 Rc8 14. b3 Nc6 15. Nf3 Bg4 16. Be2 Bd7 17. Qd2 Ng4 18. Nd5 f6 19. Bf4 e5 20. Be3 Nxe3 21. Qxe3 Kh7 22. Rcd1 Bh6 23. Qd3 Bg4 24. g3 Bxf3 25. Bxf3 Nd4 26. Bg2 b5 27. cxb5 axb5 28. f4 Rc2 29. Nb4 Rc8 30. Qe3 Qa5 31. Rxd4 exd4 32. Qxd4 Rfd8 33. Rd1 Bg7 34. f5 gxf5 35. exf5 Rc5 36. Kh2 Re8 37. Rd2 Rce5 38. Bf3 Re1 39. Bxh5 Qa8 40. Nd5 R8e5 41. Bf3 Qc8 42. Qg4 Qc1 43. Nxf6+ Bxf6 44. Qg6+ Kh8 45. Qxf6+ Kg8 46. Qg6+ Kh8 47. Qh6+ Kg8 48. f6 R5e2+ 49. Bxe2 Rxe2+ 50. Kh3 Qxd2 51. Qg7# 1-0


[Site "https://www.chess.com"]

[Event "Titled Tuesday Blitz November 07 Early 2023"]
[White "Demin, Vladimir"]
[Black "Kamsky, Gata"]
[WhiteFideId "4167457"]
[BlackFideId "2000024"]
[WhiteElo "2550"]
[BlackElo "2843"]
[Result "0-1"]
[Round "3"]
[TimeControl "180+1"]
[Date "2023.11.07"]
[WhiteClock "0:00:01"]
[BlackClock "0:00:26"]
[Board "64"]

1. d4 f5 2. g3 Nf6 3. Bg2 g6 4. Nd2 Bg7 5. e4 fxe4 6. Nxe4 Nxe4 7. Bxe4 c5 8. dxc5 Qa5+ 9. c3 Qxc5 10. Be3 Qc7 11. Ne2 Nc6 12. h4 d6 13. h5 Bf5 14. Qb1 e6 15. hxg6 hxg6 16. Rxh8+ Bxh8 17. g4 Bxe4 18. Qxe4 Qf7 19. Nf4 Ne5 20. O-O-O d5 21. Qa4+ Nc6 22. Nd3 Bg7 23. g5 a6 24. Nc5 Bf8 25. Nd3 O-O-O 26. Kb1 Bd6 27. a3 Qf5 28. Ka2 Qf3 29. Nb4 Bxb4 30. axb4 e5 31. Bb6 Rf8 32. Qb3 d4 33. Qe6+ Kb8 34. Qd6+ Ka8 35. cxd4 exd4 36. Bxd4 Rd8 37. Qc5 Qd5+ 38. Qxd5 Rxd5 0-1


[Site "https://www.chess.com"]

[Event "Titled Tuesday Blitz November 07 Early 2023"]
[White "Molina, Roberto Junio Brito"]
[Black "Shapiro, Viktor"]
[WhiteFideId "2109450"]
[BlackFideId "4175700"]
[WhiteElo "2806"]
[BlackElo "2578"]
[Result "0-1"]
[Round "3"]
[TimeControl "180+1"]
[Date "2023.11.07"]
[WhiteClock "0:00:00"]
[BlackClock "0:00:22"]
[Board "65"]

1. d4 Nf6 2. Nf3 e6 3. e3 d5 4. Bd3 c5 5. c3 Nc6 6. Nbd2 Bd6 7. O-O O-O 8. dxc5 Bxc5 9. e4 dxe4 10. Nxe4 Be7 11. Qe2 Qc7 12. Bg5 Nxe4 13. Qxe4 f5 14. Qh4 Bxg5 15. Nxg5 h6 16. Nf3 Bd7 17. Rfe1 Rae8 18. Bc4 Nd8 19. Bb3 a5 20. Rad1 b5 21. Ne5 Bc8 22. a3 Nc6 23. Ng6 Rf6 24. Nf4 g5 25. Nd5 gxh4 26. Nxc7 Re7 27. Nxb5 Kg7 28. Rd6 Bd7 29. Red1 Be8 30. Nd4 Nxd4 31. cxd4 e5 32. dxe5 Rxe5 33. Rxf6 Kxf6 34. Bc4 a4 35. f3 Rc5 36. Rd4 Kg5 37. f4+ Kf6 38. Kf2 Bc6 39. g3 hxg3+ 40. Kxg3 Be4 41. Kh4 Rc6 42. h3 Rb6 43. Bd3 Bxd3 44. Rxd3 Rxb2 45. Rd6+ Kg7 46. Rd4 Rb3 47. Rxa4 Kg6 48. Ra6+ Kg7 49. a4 Ra3 50. Ra5 Kg6 51. Ra7 Rf3 52. Ra6+ Kg7 53. Ra7+ Kg6 54. Ra6+ Kg7 55. a5 Rxf4+ 56. Kh5 Rf3 57. Ra7+ Kf6 58. h4 f4 59. Rb7 Ra3 60. Rb6+ Kf5 61. Rxh6 f3 62. Rh8 Kf4 63. Rf8+ Kg3 64. Kg5 Rxa5+ 65. Kg6 Ra6+ 66. Kg5 Ra5+ 67. Kg6 Ra4 68. h5 Rg4+ 69. Kh7 Rf4 70. Rxf4 Kxf4 71. Kg7 f2 72. h6 f1=Q 73. h7 Qg2+ 74. Kh8 Qe4 75. Kg7 Qe5+ 76. Kg8 Qe6+ 77. Kg7 Qe7+ 78. Kg8 Kg5 79. h8=Q Kg6 0-1


[Site "https://www.chess.com"]

[Event "Titled Tuesday Blitz November 07 Early 2023"]
[White "Shubenkova, Veronika"]
[Black "elprimo2012mortis"]
[WhiteFideId "44124040"]
[WhiteElo "2528"]
[BlackElo "2797"]
[Result "1/2-1/2"]
[Round "3"]
[TimeControl "180+1"]
[Date "2023.11.07"]
[WhiteClock "0:00:55"]
[BlackClock "0:00:28"]
[Board "66"]

1. e4 c6 2. d4 d5 3. Nc3 dxe4 4. Nxe4 Nf6 5. Nxf6+ exf6 6. c3 Bd6 7. Bd3 O-O 8. Ne2 Re8 9. Qc2 h5 10. Bd2 c5 11. dxc5 Bxc5 12. f3 Nc6 13. O-O-O Ne5 14. Bb5 Bd7 15. Bxd7 Qxd7 16. Bf4 Qe6 17. Kb1 Ng6 18. Nd4 Bxd4 19. Rxd4 Rad8 20. Rxd8 Rxd8 21. Bg3 h4 22. Bf2 h3 23. gxh3 Qxh3 24. Rd1 Rxd1+ 25. Qxd1 a6 26. Bg3 Qg2 27. Qd5 Qf1+ 28. Kc2 Qe2+ 29. Kc1 b5 30. Qa8+ Kh7 31. Qxa6 f5 32. Qc8 Qxf3 33. Bd6 f4 34. Qf5 Qe2 35. Qh3+ Kg8 36. Qc8+ Kh7 37. Qh3+ Kg8 38. Qc8+ Kh7 39. Qh3+ 1/2-1/2


[Site "https://www.chess.com"]

[Event "Titled Tuesday Blitz November 07 Early 2023"]
[White "Kochiev, Ivan"]
[Black "Gharibyan, Mamikon"]
[WhiteFideId "2917890"]
[BlackFideId "13308300"]
[WhiteElo "2525"]
[BlackElo "2761"]
[Result "0-1"]
[Round "3"]
[TimeControl "180+1"]
[Date "2023.11.07"]
[WhiteClock "0:00:02"]
[BlackClock "0:00:14"]
[Board "67"]

1. e4 e5 2. Nf3 Nc6 3. Bc4 Bc5 4. c3 Nf6 5. d3 d6 6. O-O a5 7. Nbd2 Ba7 8. Bb3 O-O 9. h3 Ne7 10. d4 Nc6 11. dxe5 Nxe5 12. Bc2 Ng6 13. Re1 Re8 14. Nf1 d5 15. Ng3 dxe4 16. Qxd8 Rxd8 17. Nxe4 Nd5 18. Bd2 Ndf4 19. Be3 Bxe3 20. Rxe3 h6 21. Nd4 a4 22. Rae1 a3 23. b3 Ra5 24. b4 Re5 25. Ng3 Rxe3 26. Rxe3 Nd5 27. Rd3 Ngf4 28. Rf3 g5 29. Nb5 c6 30. Nxa3 g4 31. hxg4 Bxg4 32. Rxf4 Nxf4 33. Nc4 Be6 34. Na5 Bxa2 35. Nxb7 Rd2 36. Be4 Bd5 37. Na5 h5 38. Nxc6 h4 39. Nf1 Rd1 40. Bxd5 Nxd5 41. Nd4 Nxc3 42. g3 Rxd4 0-1


[Site "https://www.chess.com"]

[Event "Titled Tuesday Blitz November 07 Early 2023"]
[White "Atakhan, Abtin"]
[Black "Vifleemskaia, Svetlana"]
[WhiteFideId "22502203"]
[BlackFideId "4129490"]
[WhiteElo "2708"]
[BlackElo "2291"]
[Result "1-0"]
[Round "3"]
[TimeControl "180+1"]
[Date "2023.11.07"]
[WhiteClock "0:01:44"]
[BlackClock "0:00:55"]
[Board "68"]

1. Nf3 Nf6 2. d4 d5 3. Bf4 c5 4. e3 Nc6 5. Nbd2 e6 6. Bb5 Bd6 7. dxc5 Bxc5 8. O-O O-O 9. c4 a6 10. Ba4 dxc4 11. Bxc6 bxc6 12. Nxc4 Qd5 13. Qc2 a5 14. Nce5 Ba6 15. Rfd1 Qe4 16. Qxc5 Be2 17. Rd2 Bxf3 18. Nxf3 Rfd8 19. Qxa5 Nd5 20. Qc5 Nxf4 21. Rxd8+ Rxd8 22. exf4 Qxf4 23. Qxc6 g5 24. Qc1 1-0


[Site "https://www.chess.com"]